[Event "Early-Titled-Tuesday-Blitz-September-26-2023"]
[Site "Chess.com"]
[Date "2023.09.26"]
[Round "6"]
[White "Austen48"]
[Black "wadsy27"]
[Result "0-1"]
[WhiteElo "2297"]
[BlackElo "2609"]
[TimeControl "180+1"]
[EndTime "9:08:19 PDT"]
[Termination "wadsy27 won by resignation"]

1. d4 Nf6 2. c4 c5 3. d5 e6 4. Nc3 exd5 5. cxd5 d6 6. e4 g6 7. Bd3 Bg7 8. Nge2 O-O 9. O-O a6 10. a4 Qc7 11. Ng3 c4 12. Bc2 Nbd7 13. h3 Re8 14.
Be3 Rb8 15. Ba7 Ra8 16. Bd4 Rb8 17. f4 b5 18. axb5 axb5 19. Ra7 Qd8 20. e5 dxe5 21.
fxe5 Nxe5 22. Nge4 Nxe4 23. Nxe4 Bf5 24. g4 Qxd5 25.
gxf5 Nf3+ 26. Qxf3 Qxd4+ 27. Kh1 Qxa7 28. f6 Bf8 29.
Ng5 Qc5 30. h4 Re3 31. Qg4 Rbe8 32. Nxf7 Qd5+ 33. Kg1 Kxf7 34. h5 R8e4 35. hxg6+ hxg6 36. Bxe4 Rxe4 37. Qg3 Bc5+ 38. Kh2 Bd6 0-1

[Event "Early-Titled-Tuesday-Blitz-September-26-2023"]
[Site "Chess.com"]
[Date "2023.09.26"]
[Round "6"]
[White "Alexei_Gubajdullin"]
[Black "GaalZsoka"]
[Result "0-1"]
[WhiteElo "2702"]
[BlackElo "2469"]
[TimeControl "180+1"]
[EndTime "9:08:20 PDT"]
[Termination "GaalZsoka won by checkmate"]

1. d4 f5 2. Nf3 Nf6 3. Bf4 g6 4. e3 Bg7 5. Be2 O-O 6. O-O d6 7. c4 Nbd7 8. Nc3 c6 9. Rc1 Qe8 10. d5 Nh5 11. Nd4 Nxf4 12. exf4 Nc5 13. Bf3 e5 14. dxe6 Nxe6 15. Nxe6 Qxe6 16. Re1 Qf6 17. b3 Bd7 18. Qd3 Rae8 19. Red1 Bc8 20. g3 Rd8 21. Kg2 Rfe8 22. Rc2 Be6 23. b4 Qf7 24.
Ne2 d5 25. c5 d4 26. Qa3 Bd5 27. Nc1 Be4 28. Rcd2 d3 29. Qb3 Qxb3 30. axb3 Bc3 31. Rxd3 Bxd3 32. Nxd3 Rd4 33. b5 Red8 34. bxc6 bxc6 35.
Be2 a5 36. h4 Kg7 37. h5 R4d5 38.
h6+ Kf8 39. Kf3 Bf6 40. Ke3 Bd4+ 41. Kf3 Bxc5 42. Kg2 Be7 43. Kf3 Bf6 44. Ke3 Bd4+ 45. Kf3 Bb6 46. Nb2 Rxd1 47. Bxd1 Rd2 48. Nc4 Rxf2# 0-1

[Event "Early-Titled-Tuesday-Blitz-September-26-2023"]
[Site "Chess.com"]
[Date "2023.09.26"]
[Round "6"]
[White "mapleaff"]
[Black "DarZay"]
[Result "1-0"]
[WhiteElo "2339"]
[BlackElo "2206"]
[TimeControl "180+1"]
[EndTime "9:08:22 PDT"]
[Termination "mapleaff won on time"]

1. e4 c5 2. Nf3 Nc6 3. d4 cxd4 4.
Nxd4 Nf6 5. Nc3 d6 6. Qd3 Bd7 7. Bg5 a6 8. O-O-O e6 9. Qg3 Be7 10.
Nxc6 bxc6 11. e5 dxe5 12. Qxe5 h6 13. Bh4 O-O 14. Bd3 Ng4 15. Bxe7 Qxe7 16. Qg3 Nf6 17. Rhe1 Rab8 18. Bc4 Qb4 19. Bb3 Nd5 20. Ne4 Kh8 21. Qd6 c5 22. Qxd7 c4 23. Nd6 cxb3 24. axb3 Qa5 25.
Nxf7+ Kg8 26. Nxh6+ gxh6 27. Qxe6+ Rf7 28. Rxd5 Qa1+ 29.
Kd2 Qxb2 30. Rd3 Qg7 31. Rg3 1-0

[Event "Early-Titled-Tuesday-Blitz-September-26-2023"]
[Site "Chess.com"]
[Date "2023.09.26"]
[Round "6"]
[White "maracayo"]
[Black "CristianS27"]
[Result "1-0"]
[WhiteElo "2403"]
[BlackElo "2492"]
[TimeControl "180+1"]
[EndTime "9:08:23 PDT"]
[Termination "maracayo won on time"]

1. e4 e5 2. Nf3 Nc6 3. Be2 Nf6 4. d3 Bc5 5. O-O O-O 6. Nbd2 d5 7. c3 a5 8. h3 Qe7 9. exd5 Nxd5 10. Re1 a4 11.
Bf1 a3 12. d4 axb2 13. Bxb2 Ba3 14. Bxa3 Qxa3 15. Nc4 Nxc3 16. Qc2 Qb4 17. a3 Qa4 18.
Qxc3 exd4 19. Qd3 g6 20. Nfe5 Bf5 21. Qg3 Nxe5 22. Rxe5 Qc2 23. Qf4 Be6 24. Rc1 Qb3 25.
Qxd4 Rfd8 26. Qc3 Qa2 27. Rxe6 fxe6 28. Qf6 Re8 29. Ne5 Rf8 30. Qh4 Qxa3 31. Rxc7 h5 32. Qg5 1-0

[Event "Early-Titled-Tuesday-Blitz-September-26-2023"]
[Site "Chess.com"]
[Date "2023.09.26"]
[Round "6"]
[White "astralpulse"]
[Black "A-Fier"]
[Result "1-0"]
[WhiteElo "2660"]
[BlackElo "2806"]
[TimeControl "180+1"]
[EndTime "9:08:25 PDT"]
[Termination "astralpulse won by resignation"]

1. d4 Nf6 2. c4 c5 3. d5 e6 4.
Nc3 exd5 5. cxd5 d6 6. g3 g6 7. Bg2 Bg7 8. Nf3 O-O 9. O-O Re8 10. Nd2 a6 11. a4 Nbd7 12. h3 b6 13. Nc4 Ne5 14.
Nxe5 Rxe5 15. Bf4 Re8 16. Qc2 Ra7 17. e4 Rae7 18. Rfe1 h6 19. Bd2 Nd7 20. f4 h5 21.
Rab1 h4 22. g4 Bd4+ 23. Kh1 Nf6 24. Qd3 b5 25. axb5 axb5 26. b4 Bd7 27. bxc5 Bxc5 28.
Nxb5 Bxb5 29. Rxb5 Nd7 30. Rbb1 Bf2 31. Re2 Nc5 32.
Qf3 Bg3 33. Rb4 Qa8 34. e5 Qa1+ 35. Qf1 Qa3 36. e6 Nd3 37. Rd4 Nc5 38. f5 Qb2 39.
Be3 Ra8 40. f6 Ree8 41. Rxb2 fxe6 42. dxe6 Ra3 43. f7+ Kh7 44. fxe8=Q Rxe3 45. Qff7+ 1-0

[Event "Early-Titled-Tuesday-Blitz-September-26-2023"]
[Site "Chess.com"]
[Date "2023.09.26"]
[Round "6"]
[White "KerryStead"]
[Black "KatakuriDono"]
[Result "0-1"]
[WhiteElo "2088"]
[BlackElo "2321"]
[TimeControl "180+1"]
[EndTime "9:08:25 PDT"]
[Termination "KatakuriDono won on time"]

1. d4 d5 2. e4 dxe4 3. Nc3 Nf6 4. f3 c5 5. Bb5+ Bd7 6. dxc5 e6 7. Be3 Nc6 8. fxe4 a6 9. Bd3 Rc8 10. a3 Ne5 11. b4 Nfg4 12. Qe2 Nxe3 13. Qxe3 Be7 14.
Nf3 Bf6 15. Nd4 Bc6 16. Nce2 Ng4 17. Qg1 Bg5 18. Qf1 Be3 19. Nf3 Bf2+ 20. Kd2 Bxe4 21. h3 Be3+ 22. Kc3 Nf2 23. Rg1 Bxd3 24. cxd3 Qxd3+ 25. Kb2 b6 26. Nc3 Qf5 27. Qe2 Nd3+ 28. Kb3 Bxg1 29.
Rxg1 bxc5 30. bxc5 Nxc5+ 31. Ka2 Nd3 32. Nd4 Qg6 33.
Ne4 Nc5 0-1

[Event "Early-Titled-Tuesday-Blitz-September-26-2023"]
[Site "Chess.com"]
[Date "2023.09.26"]
[Round "6"]
[White "ArmanGhevondyanchess"]
[Black "GMTalks_Youtube"]
[Result "1-0"]
[WhiteElo "2615"]
[BlackElo "2738"]
[TimeControl "180+1"]
[EndTime "9:08:26 PDT"]
[Termination "ArmanGhevondyanchess won by resignation"]

1. Nf3 d5 2. d4 Nf6 3. g3 g6 4. Bg2 Bg7 5. O-O O-O 6. b3 c6 7. Bb2 a5 8. a3 Bf5 9. Nbd2 Nbd7 10.
Re1 a4 11. b4 Nb6 12. Rc1 Ne4 13. c4 Nxd2 14. Nxd2 dxc4 15. Nxc4 Nxc4 16. Rxc4 Qb6 17. Qa1 Rfd8 18. e4 Be6 19. d5 Bxb2 20. Qxb2 cxd5 21.
exd5 Bxd5 22. Bxd5 Rxd5 23. Rxe7 Rad8 24. Rce4 Qc6 25.
Re1 h5 26. h4 Rd1 27. Qe5 Rxe1+ 28. Qxe1 Qf3 29. Re8+ Rxe8 30. Qxe8+ Kg7 31. Qxa4 Qd3 32. b5 b6 33. Qb4 Qd1+ 34. Kg2 Qd5+ 35. Kh2 Kh7 36.
a4 Qa2 37. Qd4 Qc2 38. Qxb6 Qxa4 39. Qc5 Qb3 40. b6 Qb2 41. Kg2 Qb3 42. Qc6 Qb2 43. b7 Qb3 44. Qc7 Qd5+ 45. Kh2 Qf3 46. Qb6 1-0

[Event "Early-Titled-Tuesday-Blitz-September-26-2023"]
[Site "Chess.com"]
[Date "2023.09.26"]
[Round "6"]
[White "lolo9292"]
[Black "Makswolf200817"]
[Result "0-1"]
[WhiteElo "2204"]
[BlackElo "2726"]
[TimeControl "180+1"]
[EndTime "9:08:26 PDT"]
[Termination "Makswolf200817 won by resignation"]

1. d4 Nf6 2. c4 e6 3. g4 Nxg4 4. e4 Nf6 5. Bg2 d6 6. Bg5 Be7 7. Nc3 h6 8. Be3 e5 9. d5 Bg4 10. f3 Bd7 11. Nge2 a6 12. Ng3 b5 13. b3 Nh7 14. Nh5 Kf8 15. f4 exf4 16. Nxf4 Bh4+ 17.
Kf1 Qf6 18. Ne2 Bg4 19. h3 Bxe2+ 20. Kxe2 Nd7 21. Rf1 Qb2+ 22. Bd2 Bf6 23. Rb1 Qxa2 24. h4 Re8 25. Kd3 Nc5+ 26. Ke3 bxc4 27. bxc4 Qa3+ 28. Ke2 Nxe4 29. Bxe4 Rxe4+ 30. Kf2 Bxh4+ 31. Kg2 Qg3+ 32. Kh1 Ke7 33. Rb7 Rc8 34. Qh5 Nf6 35. Qf5 Qg4 36. Qxg4 Nxg4 37. Nh5 Re2 38. Nxg7 Rh2+ 39. Kg1 Bf2+ 40.
Rxf2 Rxf2 41. Bxh6 Kd7 42. Nh5 Rg8 43. Be3 Rf5 44. Ng3 Nxe3 0-1

[Event "Early-Titled-Tuesday-Blitz-September-26-2023"]
[Site "Chess.com"]
[Date "2023.09.26"]
[Round "6"]
[White "Arifarsky"]
[Black "Iskusnyh"]
[Result "0-1"]
[WhiteElo "2718"]
[BlackElo "2600"]
[TimeControl "180+1"]
[EndTime "9:08:29 PDT"]
[Termination "Iskusnyh won by resignation"]

1. Nf3 d5 2. b3 Bf5 3. Bb2 e6 4.
g3 h6 5. Bg2 Nf6 6. O-O Be7 7.
d3 a5 8. a3 O-O 9. Nbd2 c6 10.
Qe1 Bh7 11. e4 c5 12. Ne5 Nc6 13. f4 a4 14. bxa4 Rxa4 15. Kh1 dxe4 16. Nxc6 bxc6 17. dxe4 c4 18. Qe2 Qa5 19. Be5 c3 20. Nb3 Qb5 21. Qxb5 cxb5 22. Bxc3 Bxe4 23. Bb2 Bxg2+ 24. Kxg2 Nd5 25.
Rfe1 Rc8 26. Re2 Rxc2 27. Rxc2 Ne3+ 28. Kf3 Nxc2 29. Rc1 Nxa3 30. Rc8+ Kh7 31. Rc7 Rb4 32. Nd4 Bd6 33. Bxa3 Rxd4 34. Bxd6 Rxd6 35. Rxf7 Rb6 36. Rd7 b4 37. Rd2 b3 38. Rb2 Kg6 39. Ke4 Kf6 40. Kf3 e5 41. fxe5+ Kxe5 42. Ke3 Rb7 43. Kd3 g5 44. Kc3 Ke4 45. h4 g4 46. Rf2 b2 0-1

[Event "Early-Titled-Tuesday-Blitz-September-26-2023"]
[Site "Chess.com"]
[Date "2023.09.26"]
[Round "6"]
[White "JimDiGrease"]
[Black "SAInt_666"]
[Result "1-0"]
[WhiteElo "2849"]
[BlackElo "2665"]
[TimeControl "180+1"]
[EndTime "9:08:30 PDT"]
[Termination "JimDiGrease won on time"]

1. d4 Nf6 2. c4 e6 3. Bf4 Bb4+ 4. Nd2 Nh5 5. Be3 f5 6. g3 O-O 7. Nh3 Be7 8. Bg2 d5 9. O-O c6 10. Nf4 Nxf4 11. Bxf4 Nd7 12. Nf3 b6 13. cxd5 cxd5 14. Qa4 Bb7 15. Rac1 Rc8 16. Qxa7 Bc6 17. Qa6 g5 18.
Ne5 Nxe5 19. Bxe5 Ra8 20. Qd3 Qd7 21. a3 Rfc8 22. Qd2 Bb5 23. Rfe1 Ra4 24. h4 h6 25.
hxg5 hxg5 26. g4 Rac4 27. gxf5 exf5 28. Rxc4 Rxc4 29. b3 Rc8 30. a4 Ba6 31. Qe3 Qe6 32.
Qf3 Bb7 33. Qh5 Kf8 34. Bh3 Bf6 35. Qh6+ Ke7 36. Qh7+ Qf7 37. Qxf5 1-0

[Event "Early-Titled-Tuesday-Blitz-September-26-2023"]
[Site "Chess.com"]
[Date "2023.09.26"]
[Round "6"]
[White "Iball95"]
[Black "LoaySameer"]
[Result "1-0"]
[WhiteElo "2784"]
[BlackElo "2610"]
[TimeControl "180+1"]
[EndTime "9:08:30 PDT"]
[Termination "Iball95 won by resignation"]

1. e4 g6 2. d4 Bg7 3. Nf3 d6 4. Nc3 Nf6 5. Be3 O-O 6. Qd2 d5 7.
e5 Ne4 8. Nxe4 dxe4 9. Ng5 c5 10. Nxe4 cxd4 11. Qxd4 Qc7 12. f4 Bf5 13. Bd3 Nc6 14.
Qc3 f6 15. Qc4+ Kh8 16. e6 Bxe4 17. Bxe4 f5 18. Bxc6 Qxc6 19. Qxc6 bxc6 20. O-O-O Rf6 21. Rhe1 Rxe6 22. Bc5 Rxe1 23. Rxe1 e5 24. fxe5 Re8 25. Bxa7 Kg8 26. Bd4 c5 27. Bxc5 Bxe5 28. Kb1 Kf7 29.
a4 Kf6 30. c3 Rd8 31. Be7+ Kxe7 32. Rxe5+ Kf6 33. Re2 f4 34. Kc2 g5 35. b4 g4 36.
a5 Kf5 37. Re7 Kf6 38. Re1 Kf5 39. a6 f3 40. gxf3 gxf3 41. b5 Kg4 42. b6 Kh3 43. a7 f2 44. Rf1 Kg2 45. Rxf2+ Kxf2 46. b7 1-0

[Event "Early-Titled-Tuesday-Blitz-September-26-2023"]
[Site "Chess.com"]
[Date "2023.09.26"]
[Round "6"]
[White "AndrewB92"]
[Black "PavelChernomordik"]
[Result "0-1"]
[WhiteElo "2368"]
[BlackElo "2502"]
[TimeControl "180+1"]
[EndTime "9:08:30 PDT"]
[Termination "PavelChernomordik won by checkmate"]

1. d4 g6 2. h4 Nf6 3. h5 Nxh5 4. g4 Nf6 5. g5 Nh5 6. e4 c5 7. d5 d6 8. Be2 Bg7 9. Bxh5 gxh5 10. Qxh5 Qb6 11.
Nc3 Qb4 12. Ne2 Na6 13. a3 Qb6 14. Ng3 c4 15. Bd2 Qxb2 16. Ra2 Qb6 17. O-O Nc5 18.
Rb1 Qd8 19. Qe2 a6 20. a4 Bd7 21. Qxc4 Rc8 22. Qe2 h6 23. gxh6 Bxh6 24. Bxh6 Rxh6 25. e5 Kf8 26. Rb4 Qa5 27. Rab2 b5 28. axb5 Qa1+ 29. Qf1 Qa3 30. exd6 Qxc3 31. dxe7+ Kg8 32. bxa6 Qf3 33. Rd4 Bh3 34. Qe2 Qg2# 0-1

[Event "Early-Titled-Tuesday-Blitz-September-26-2023"]
[Site "Chess.com"]
[Date "2023.09.26"]
[Round "6"]
[White "ActorXu"]
[Black "DanielNaroditsky"]
[Result "0-1"]
[WhiteElo "2716"]
[BlackElo "3145"]
[TimeControl "180+1"]
[EndTime "9:08:34 PDT"]
[Termination "DanielNaroditsky won by resignation"]

1. e4 c5 2. Nf3 d6 3. d4 cxd4 4. Nxd4 Nf6 5. Nc3 a6 6. Be3 e5 7. Nb3 Be6 8. f3 Be7 9. Qd2 O-O 10. O-O-O a5 11. a4 Nc6 12. Bb5 Nb4 13. Bg5 d5 14.
exd5 Nfxd5 15. Bxe7 Qxe7 16. Nxd5 Bxd5 17. Kb1 Rac8 18.
Rc1 Rfd8 19. Qe3 Qc7 20. c3 Bxb3 21. cxb4 Bc2+ 22. Ka1 axb4 23. Rhe1 b3 24. Qxe5 Qa5 25. Re3 Ra8 26. Qc5 Rd5 27. Re8+ Rxe8 28. Qxd5 Ra8 29. Qc5 Qd2 30. Rg1 g6 31. h4 Rd8 32. Qg5 Qd4 33. Re1 Ra8 34. Qc1 Qxa4+ 0-1

[Event "Early-Titled-Tuesday-Blitz-September-26-2023"]
[Site "Chess.com"]
[Date "2023.09.26"]
[Round "6"]
[White "melissa_guez"]
[Black "Francisco_Ferrari"]
[Result "0-1"]
[WhiteElo "2108"]
[BlackElo "2401"]
[TimeControl "180+1"]
[EndTime "9:08:34 PDT"]
[Termination "Francisco_Ferrari won by resignation"]

1. e4 g6 2. d4 Bg7 3. Be3 d6 4. Nf3 Nd7 5. Qd2 Ngf6 6. Nc3 c6 7. Bh6 O-O 8. h4 e5 9. h5 exd4 10. Nxd4 Re8 11. O-O-O Qa5 12. hxg6 fxg6 13. Bc4+ d5 14. exd5 cxd5 15. Bxg7 Kxg7 16. Qh6+ Kf7 17. Nb3 Qc7 18. Bxd5+ Nxd5 19. Nxd5 Qe5 20. Qxh7+ Qg7 21. Qh4 Ne5 22.
Qf4+ Bf5 23. Kb1 Rac8 24. Ne3 Qf6 25. Nxf5 Qxf5 26. Qxf5+ gxf5 27. f4 Ng4 28. a3 Nf2 29. Rh7+ Kg6 30. Rdd7 Rg8 31. Ka2 Rxc2 32. Nd4 Rd2 33.
Rhe7 Nd3 34. Rd6+ Kh5 35. Nxf5 Rxb2+ 36. Ka1 Rgxg2 37. Rh6+ Kg4 38. Rg7+ Kxf5 39. Rxg2 Rxg2 40. Rh5+ Kxf4 0-1

[Event "Early-Titled-Tuesday-Blitz-September-26-2023"]
[Site "Chess.com"]
[Date "2023.09.26"]
[Round "6"]
[White "LionTheLeon_06"]
[Black "djano"]
[Result "0-1"]
[WhiteElo "2813"]
[BlackElo "2667"]
[TimeControl "180+1"]
[EndTime "9:08:35 PDT"]
[Termination "djano won by resignation"]

1. e4 c5 2. Nf3 Nc6 3. Bb5 e5 4. Bxc6 bxc6 5. O-O d6 6. Re1 Nf6 7. c3 Be7 8. d4 cxd4 9. cxd4 exd4 10. Nxd4 Bd7 11. Nc3 O-O 12. Qf3 Qb6 13. Nf5 Bxf5 14. Qxf5 Rfe8 15. b3 Bf8 16. Bb2 Re5 17. Qf3 Re6 18.
Re2 Rae8 19. Rae1 Nd7 20. Na4 Qa5 21. Qd3 Ne5 22. Qc2 Rg6 23. Kh1 Nf3 24. Qc3 Qxc3 25. Nxc3 Nxe1 26. Rxe1 Rge6 27. Rd1 d5 28. g3 f5 29.
exd5 Re1+ 30. Rxe1 Rxe1+ 31. Kg2 cxd5 32. Nxd5 Re2 33.
Bc3 Rxa2 34. b4 a6 35. Kf3 Kf7 36. Ke3 Bd6 37. h3 Ke6 38. Nb6 g6 39. Nc4 Bc7 40. Bd4 Rc2 41. Kd3 Ra2 42. Be3 Kd5 43. Bc5 Ra1 44.
Ne3+ Kc6 45. Bd4 Ra2 46. Nc4 Kb5 47. Bc5 a5 48. Bd6 Bxd6 49. Nxd6+ Kxb4 50. f3 Ra3+ 51. Ke2 a4 52. g4 Ra2+ 53. Ke3 fxg4 54. hxg4 a3 55. f4 Rh2 56. f5 a2 0-1

[Event "Early-Titled-Tuesday-Blitz-September-26-2023"]
[Site "Chess.com"]
[Date "2023.09.26"]
[Round "6"]
[White "FGHSMN"]
[Black "Boundless_Strike"]
[Result "1-0"]
[WhiteElo "2864"]
[BlackElo "2596"]
[TimeControl "180+1"]
[EndTime "9:08:37 PDT"]
[Termination "FGHSMN won by resignation"]

1. e4 d6 2. d4 e5 3. Nc3 Nd7 4. Nf3 Ngf6 5. Bc4 h6 6. dxe5 dxe5 7.
O-O c6 8. Bxf7+ Kxf7 9. Nxe5+ Kg8 10. Ng6 Qe8 11. Nxh8 Kxh8 12. Re1 Ne5 13. Bf4 Bc5 14.
Na4 Bg4 15. Qd2 Rd8 16. Qc3 Bd4 17. Qb3 b5 18. Nc3 Qg6 19. Bg3 h5 20. Ne2 h4 21.
Nxd4 hxg3 22. Qxg3 Rxd4 23. Qxe5 Rd2 24. Qc3 Qg5 25.
h4 Qf4 26. Qe3 Qxe3 27. Rxe3 Rxc2 28. b3 c5 29. f3 Be6 30. Rd3 c4 31. bxc4 bxc4 32.
Rd6 Bf7 33. Ra6 Nh5 34. Rxa7 Be6 35. Rf1 Nf4 36. Rf2 Ne2+ 37. Kh2 Rd2 38. Rc7 Rxa2 39. f4 Bg4 40. Rxc4 Rd2 41. f5 Kh7 42. e5 Rd4 43. Rxd4 Nxd4 44. Rf4 1-0

[Event "Early-Titled-Tuesday-Blitz-September-26-2023"]
[Site "Chess.com"]
[Date "2023.09.26"]
[Round "6"]
[White "kuba2006"]
[Black "yoelpolanco"]
[Result "1/2-1/2"]
[WhiteElo "2482"]
[BlackElo "2337"]
[TimeControl "180+1"]
[EndTime "9:08:37 PDT"]
[Termination "Game drawn by repetition"]

1. b3 Nf6 2. Bb2 g6 3. e4 Bg7 4. e5 Nd5 5. c4 Nb6 6. d4 d6 7. exd6 cxd6 8. Nf3 O-O 9. Be2 e5 10.
dxe5 Nc6 11. O-O dxe5 12. Nc3 Bf5 13. Nd5 Re8 14. Qd2 e4 15. Bxg7 Nxd5 16. Ng5 Kxg7 17. cxd5 Ne5 18. Rfd1 h6 19. Nh3 Bxh3 20. gxh3 Qh4 21. Qe3 Rad8 22. Rd4 f5 23. Qg3 Qf6 24. Rad1 f4 25. Qc3 Nf7 26. Rc4 Nd6 27. Rc7+ Nf7 28.
Qxf6+ Kxf6 29. Rxb7 Re5 30. Rxa7 Rexd5 31. Rxd5 Rxd5 32.
Rxf7+ Kxf7 33. Bc4 Ke6 34. a4 Ke5 35. Bxd5 Kxd5 36. a5 Kc5 37. Kf1 g5 38. b4+ Kb5 39. Ke2 h5 40. Kd2 g4 41. hxg4 hxg4 42. Kc3 e3 43.
Kd3 exf2 44. Ke2 g3 45. hxg3 fxg3 46. Kf1 Ka6 47. Kg2 Kb5 48. Kf1 Ka6 49. Kg2 Kb5 50. Kf1 1/2-1/2

[Event "Early-Titled-Tuesday-Blitz-September-26-2023"]
[Site "Chess.com"]
[Date "2023.09.26"]
[Round "6"]
[White "LeoWin2012"]
[Black "Artemiki"]
[Result "0-1"]
[WhiteElo "2318"]
[BlackElo "2219"]
[TimeControl "180+1"]
[EndTime "9:08:37 PDT"]
[Termination "Artemiki won by checkmate"]

1. e4 e5 2. Nf3 Nc6 3. c3 Nf6 4. Bc4 Nxe4 5. O-O d5 6. Bb3 Bc5 7. d4 exd4 8. cxd4 Bb6 9. Nc3 Nxc3 10. bxc3 O-O 11. Re1 Bf5 12. Ba3 Re8 13. Rxe8+ Qxe8 14. Bxd5 Rd8 15. Bb3 Bg4 16. h3 Bh5 17. Qd3 Bg6 18.
Qc4 Na5 19. Qa4 Qxa4 20. Bxa4 Nc4 21. Be7 Ra8 22. Re1 f6 23. Bb3 Bf7 24. d5 Bxd5 25. Nd2 Nxd2 26. Bxd5+ Kh8 27. Bb4 c6 28. Bf7 a5 29. Ba3 Rd8 30. Bc1 g5 31. Re7 Ne4 32. Rxe4 Rd1+ 33. Kh2 Rxc1 34. Re7 Bxf2 35. Rxb7 Rxc3 36.
Rc7 Bg3+ 37. Kg1 Rc1# 0-1

[Event "Early-Titled-Tuesday-Blitz-September-26-2023"]
[Site "Chess.com"]
[Date "2023.09.26"]
[Round "6"]
[White "sergoy"]
[Black "djokovic74"]
[Result "1-0"]
[WhiteElo "2920"]
[BlackElo "2695"]
[TimeControl "180+1"]
[EndTime "9:08:38 PDT"]
[Termination "sergoy won by resignation"]

1. d4 e6 2. c4 Nf6 3. Nf3 Bb4+ 4. Nbd2 d5 5. Qa4+ Nc6 6. e3 a5 7. a3 Be7 8. b4 dxc4 9. b5 Nb8 10. Nxc4 O-O 11. Be2 c6 12. O-O Bd7 13. Nce5 Nd5 14. Bd2 Be8 15. Rfb1 f6 16. Nd3 cxb5 17. Qb3 Bd7 18.
e4 Nc7 19. Nf4 a4 20. Qa2 g5 21. Nd3 Bc6 22. d5 exd5 23. Nd4 Kh8 24. e5 fxe5 25.
Nxe5 Bf6 26. Ndf3 Nd7 27. Ng4 Bxa1 28. Qxa1+ Nf6 29. Bxg5 Ne8 30. Nd4 Qd7 31. Ne5 Qg7 32. Ne6 Qg8 33. Nxf8 Qxg5 34. Nf7+ Kg7 35. Nxg5 Kxf8 36.
Bxb5 h6 37. Ne6+ Kf7 38. Bxc6 bxc6 39. Qe5 Rb8 40. Rxb8 1-0

[Event "Early-Titled-Tuesday-Blitz-September-26-2023"]
[Site "Chess.com"]
[Date "2023.09.26"]
[Round "6"]
[White "meoluoi91"]
[Black "venturov"]
[Result "0-1"]
[WhiteElo "2631"]
[BlackElo "2462"]
[TimeControl "180+1"]
[EndTime "9:08:39 PDT"]
[Termination "venturov won on time"]

1. d4 Nf6 2. c4 e6 3. Nc3 Bb4 4. Qc2 c5 5. dxc5 O-O 6. Bg5 Bxc5 7. e3 b6 8. Rd1 Bb7 9. Nf3 h6 10. Bh4 Be7 11. Be2 Nh5 12. Bxe7 Qxe7 13. O-O Nf6 14.
Nb5 Ne8 15. Qd2 d5 16. Ne5 a6 17.
Nc3 dxc4 18. Nxc4 b5 19. Na5 Bc8 20. Qd4 Ra7 21. a3 Nf6 22. Bf3 Qc7 23. b4 e5 24.
Qd2 Be6 25. Rc1 Qe7 26. Qb2 Rc7 27. Nb1 e4 28. Be2 Rfc8 29. Nd2 Nbd7 30. Rxc7 Rxc7 31.
Ndb3 Nd5 32. Nd4 N7b6 33. Rc1 Qd7 34. Bf1 Qc8 35. Rxc7 Qxc7 36. Nxe6 fxe6 37. Qd4 Nf6 38. h3 Nbd5 39. g3 h5 40. Bg2 h4 41. gxh4 Qc1+ 42. Bf1 Qxa3 43. Qe5 Kf7 44. Nb7 Qxb4 0-1

[Event "Early-Titled-Tuesday-Blitz-September-26-2023"]
[Site "Chess.com"]
[Date "2023.09.26"]
[Round "6"]
[White "zozik"]
[Black "pinguino120"]
[Result "0-1"]
[WhiteElo "2316"]
[BlackElo "2222"]
[TimeControl "180+1"]
[EndTime "9:08:39 PDT"]
[Termination "pinguino120 won by checkmate"]

1. d4 d5 2. Nf3 Nf6 3. g3 b5 4.
Bg2 Bb7 5. O-O e6 6. a4 a6 7.
axb5 axb5 8. Rxa8 Bxa8 9. Nc3 b4 10. Na4 Nbd7 11. c4 bxc3 12. bxc3 Be7 13. Bf4 O-O 14.
Qb3 c5 15. Rb1 c4 16. Qb5 Ne4 17. Ne5 Nxe5 18. Bxe5 Nd6 19. Bxd6 Qxd6 20. Nc5 Bc6 21. Qa6 Qc7 22. Rb6 Be8 23. Rb7 Qd8 24. Nxe6 fxe6 25.
Qxe6+ Rf7 26. Bxd5 Kf8 27. Bxc4 h5 28. e4 h4 29. Kg2 h3+ 30. Kxh3 g5 31. Qh6+ Kg8 32. Qg6+ Kh8 33. Be6 Rh7+ 34. Qxh7+ Kxh7 35. f4 Qd6 36. f5 g4+ 37. Kxg4 Kh6 38. h4 Bh5+ 39. Kh3 Bf6 40. e5 Bxe5 41. dxe5 Qxe5 42. Rb6 Kg7 43. Rb7+ Kh8 44.
Rd7 Qe4 45. Rd8+ Kg7 46. Bd5 Bg4+ 47. Kh2 Qe2+ 48. Kg1 Qe1+ 49. Kg2 Qe2+ 50. Kg1 Qd1+ 51. Kg2 Bf3+ 52. Kf2 Qe2+ 53. Kg1 Qg2# 0-1

[Event "Early-Titled-Tuesday-Blitz-September-26-2023"]
[Site "Chess.com"]
[Date "2023.09.26"]
[Round "6"]
[White "Kopytkin"]
[Black "Staudenhocker43"]
[Result "1-0"]
[WhiteElo "2384"]
[BlackElo "2558"]
[TimeControl "180+1"]
[EndTime "9:08:40 PDT"]
[Termination "Kopytkin won by checkmate"]

1. e4 c6 2. d4 d5 3. exd5 cxd5 4.
c4 Nf6 5. Nc3 Nc6 6. Bg5 dxc4 7.
Bxc4 h6 8. Bxf6 exf6 9. Nf3 Bd6 10. h3 Qe7+ 11. Qe2 Qxe2+ 12. Bxe2 Bf5 13. O-O O-O-O 14. a3 Kb8 15. Rad1 Rhe8 16. Bd3 Bxd3 17. Rxd3 f5 18. Rfd1 a6 19. Kf1 g6 20. Re1 Na5 21. Rxe8 Rxe8 22. Nd2 b5 23. b4 Nc6 24. Nf3 Kb7 25. Nd2 Rd8 26. Nb3 Be7 27. Ne2 Kb6 28. f4 a5 29.
bxa5+ Nxa5 30. Nxa5 Kxa5 31. Nc3 Bf6 32. Ne2 Rd5 33. Kf2 g5 34. g3 Bg7 35. Ke3 Rd7 36.
Rb3 Re7+ 37. Kd3 Rd7 38. Rc3 Ka4 39. Rc5 gxf4 40. gxf4 Kxa3 41. Rxb5 Rd6 42. Rxf5 Bf6 43. Rb5 Ka4 44. Nc3+ Ka3 45. Kc2 Bxd4 46. Rb3# 1-0

[Event "Early-Titled-Tuesday-Blitz-September-26-2023"]
[Site "Chess.com"]
[Date "2023.09.26"]
[Round "6"]
[White "elegant285"]
[Black "Grossboss19"]
[Result "0-1"]
[WhiteElo "2390"]
[BlackElo "2522"]
[TimeControl "180+1"]
[EndTime "9:08:41 PDT"]
[Termination "Grossboss19 won by checkmate"]

1. d4 Nf6 2. c4 b6 3. Nf3 Bb7 4. Nc3 e6 5. a3 d5 6. cxd5 Nxd5 7. Qc2 Be7 8. e4 Nxc3 9. bxc3 O-O 10. Bd3 c5 11.
O-O Nc6 12. Be3 Rc8 13. Qe2 Na5 14. Rfd1 Qc7 15. h4 h6 16. e5 Rfd8 17. Rac1 Bd5 18.
c4 Bxf3 19. Qxf3 cxd4 20. Qe4 g6 21. Bxh6 Nb3 22. Qg4 Kh7 23. Qf4 Bf8 24. Bg5 Nxc1 25. Rxc1 Rd7 26. h5 Bg7 27. Qh4 Kg8 28. Bf6 Bxf6 29.
exf6 Qe5 30. hxg6 fxg6 31. Bxg6 Rf8 32. f7+ Kg7 33. Qh7+ Kf6 34. Bd3 Ke7 35. Qg6 Rxf7 36. f3 Qe3+ 37. Kh2 Qf4+ 38. Kh3 Qxc1 39. Qg4 Kd8 40.
Qg8+ Kc7 41. Qa8 Rh7+ 42. Bxh7 Rxh7+ 43. Kg3 Qe1+ 44. Kf4 Qe3+ 45. Kg4 Rg7+ 46. Kh5 Qe5+ 47. Kh6 Qf6+ 48. Kh5 Qg5# 0-1

[Event "Early-Titled-Tuesday-Blitz-September-26-2023"]
[Site "Chess.com"]
[Date "2023.09.26"]
[Round "6"]
[White "BeautiFullMindChess"]
[Black "Herman-NY"]
[Result "0-1"]
[WhiteElo "2341"]
[BlackElo "2496"]
[TimeControl "180+1"]
[EndTime "9:08:41 PDT"]
[Termination "Herman-NY won by checkmate"]

1. e4 c5 2. Nf3 Nc6 3. d4 cxd4 4. Nxd4 e6 5. Nc3 a6 6. Nxc6 bxc6 7. Bd3 d5 8. exd5 cxd5 9. O-O Bd6 10. f4 Nf6 11. Qf3 O-O 12. f5 Bc5+ 13. Kh1 e5 14. Qh3 e4 15. Be2 d4 16. Na4 Ba7 17. Bg5 Bd7 18. b3 Bxa4 19. bxa4 Qd6 20. Bc4 Rac8 21. Bb3 Bb8 22. Rad1 Rfd8 23. Rf4 Qe5 24. Rff1 Kf8 25. Qh4 h6 26. Bf4 Qc5 27. Bxh6 gxh6 28. Qxh6+ Ke7 29.
Qg7 Rf8 30. Rfe1 Qe5 31. g3 e3 32. Qg5 Qe4+ 33. Kg1 Be5 34. Rd3 Rg8 35. Qh6 Rh8 36.
Qg7 Rcf8 37. Re2 Bxg3 38. Qxg3 Rfg8 39. Rdxe3 dxe3 40. Rxe3 Qxe3+ 41. Kf1 Rxg3 42. hxg3 Rh2 43. a5 Qf2# 0-1